TOP OF THE 1ST |
Wizarding Express batting - Pitching for Panama City Piranhas : RHP Luis Flores
|
Pitching: RHP Luis Flores
|
|
Batting: LHB José Corona
|
0-0: Ball 1-0: Ball 2-0: Fly out, F7 (Flyball, 78D)
|
Batting: SHB Salvador Trevino
|
0-0: Ball 1-0: Ball 2-0: Ball 3-0: Called Strike 3-1: Called Strike 3-2: Foul Ball, location: 2F 3-2: Foul Ball, location: 2F 3-2: Strikes out swinging
|
Batting: RHB António Martínez
|
0-0: Swinging Strike 0-1: Foul Ball, location: 2F 0-2: Fly out, F7 (Line Drive, 7)
|
Top of the 1st over - 0 runs, 0 hits, 0 errors, 0 left on base; Wizarding 0 - Panama City 0 |
BOTTOM OF THE 1ST |
Panama City Piranhas batting - Pitching for Wizarding Express : RHP Kenny Koehler
|
Pitching: RHP Kenny Koehler
|
|
Batting: RHB Juan Jose Ayala
|
0-0: Called Strike 0-1: Ground out 2-3 (Groundball, 15S)
|
Batting: RHB Baldomero Avino
|
0-0: Ball 1-0: Ball 2-0: Ball 3-0: Base on Balls
|
Batting: RHB Armando Alvarado
|
0-0: Called Strike 0-1: Called Strike 0-2: Ball 1-2: Strikes out swinging
|
Batting: RHB Cale Sutton
|
0-0: Ball 1-0: Foul Ball, location: 2F 1-1: Ball 2-1: 2-RUN HOME RUN (Line Drive, 78XD), Distance : 417 ft
|
Batting: RHB Andy Putman
|
0-0: SINGLE (Flyball, 89M)
|
Batting: LHB Sergio Muńóz
|
0-0: Ball 1-0: Swinging Strike 1-1: Fly out, F7 (Line Drive, 7)
|
Bottom of the 1st over - 2 runs, 2 hits, 0 errors, 1 left on base; Wizarding 0 - Panama City 2 |
TOP OF THE 2ND |
Wizarding Express batting - Pitching for Panama City Piranhas : RHP Luis Flores
|
Batting: LHB Nathan Tanner
|
0-0: Called Strike 0-1: Ball 1-1: Ball 2-1: DOUBLE (Flyball, 7LD)
|
Batting: SHB Fernando Sánchez
|
0-0: Ball 1-0: Called Strike 1-1: Ball 2-1: Foul Ball, location: 2F 2-2: Strikes out swinging
|
Batting: LHB António Boccanegra
|
0-0: Ball 1-0: Foul Ball, location: 2F 1-1: Fly out, F9 (Flyball, 89S)
|
Batting: RHB Ralph Cranford
|
0-0: Ball 1-0: SINGLE (Groundball, 6) (infield hit) Nathan Tanner to third
|
Batting: LHB David Breitling
|
0-0: Foul Ball, location: 2F 0-1: Ball 1-1: Foul Ball, location: 2F 1-2: Ball 2-2: Strikes out looking
|
Top of the 2nd over - 0 runs, 2 hits, 0 errors, 2 left on base; Wizarding 0 - Panama City 2 |
BOTTOM OF THE 2ND |
Panama City Piranhas batting - Pitching for Wizarding Express : RHP Kenny Koehler
|
Batting: LHB Jack Sutherland
|
0-0: Called Strike 0-1: Foul Ball, location: 2F 0-2: Strikes out swinging
|
Batting: RHB Fernando Silva
|
0-0: Fly out, F8 (Flyball, 8LD)
|
Batting: LHB António Ramos
|
0-0: SINGLE (Flyball, 7S)
|
Batting: RHB Juan Jose Ayala
|
0-0: Ball 1-0: Ball 2-0: Ball 3-0: Called Strike 3-1: Base on Balls António Ramos to second
|
Batting: RHB Baldomero Avino
|
0-0: Called Strike 0-1: Ground out 6-3 (Groundball, 6)
|
Bottom of the 2nd over - 0 runs, 1 hit, 0 errors, 2 left on base; Wizarding 0 - Panama City 2 |
TOP OF THE 3RD |
Wizarding Express batting - Pitching for Panama City Piranhas : RHP Luis Flores
|
Batting: RHB Frank Grimes
|
0-0: Ball 1-0: SINGLE (Groundball, 4MD)
|
Batting: LHB José Corona
|
0-0: Called Strike 0-1: Ball 1-1: Called Strike 1-2: Ground out U3 (Groundball, 3L) Frank Grimes to second
|
Batting: SHB Salvador Trevino
|
0-0: Called Strike 0-1: Ball 1-1: Ball 2-1: Ball 3-1: Ground out U3 (Groundball, 3L) Frank Grimes to third
|
Batting: RHB António Martínez
|
0-0: Ball 1-0: Swinging Strike 1-1: Ball 2-1: Foul Ball, location: 2F 2-2: Foul Ball, location: 2F 2-2: Ground out 6-3 (Groundball, 6)
|
Top of the 3rd over - 0 runs, 1 hit, 0 errors, 1 left on base; Wizarding 0 - Panama City 2 |
BOTTOM OF THE 3RD |
Panama City Piranhas batting - Pitching for Wizarding Express : RHP Kenny Koehler
|
Batting: RHB Armando Alvarado
|
0-0: Foul Ball, location: 2F 0-1: SINGLE (Groundball, 6MD)
|
Batting: RHB Cale Sutton
|
0-0: Called Strike 0-1: Foul Ball, location: 2F 0-2: Fly out, F3 (Popup, 3SF)
|
Batting: RHB Andy Putman
|
0-0: Ball 1-0: Ball Armando Alvarado steals 2nd base 2-0: Fly out, F8 (Flyball, 8LD)
|
Batting: LHB Sergio Muńóz
|
0-0: Fly out, F8 (Flyball, 8RM)
|
Bottom of the 3rd over - 0 runs, 1 hit, 0 errors, 1 left on base; Wizarding 0 - Panama City 2 |
TOP OF THE 4TH |
Wizarding Express batting - Pitching for Panama City Piranhas : RHP Luis Flores
|
Batting: LHB Nathan Tanner
|
0-0: Ball 1-0: SINGLE (Line Drive, 8LS)
|
Batting: SHB Fernando Sánchez
|
0-0: Ball Nathan Tanner is caught stealing 2nd base 1-0: Ball 2-0: Foul Ball, location: 2F 2-1: Foul Ball, location: 2F 2-2: Foul Ball, location: 2F 2-2: Ball 3-2: Ground out 3-1 (Groundball, 34S)
|
Batting: LHB António Boccanegra
|
0-0: SINGLE (Line Drive, 6)
|
Batting: RHB Ralph Cranford
|
0-0: Ball 1-0: SINGLE (Flyball, 7LS) António Boccanegra to second
|
Batting: LHB David Breitling
|
0-0: Ball 1-0: Foul Ball, location: 2F 1-1: Swinging Strike 1-2: Strikes out looking
|
Top of the 4th over - 0 runs, 3 hits, 0 errors, 2 left on base; Wizarding 0 - Panama City 2 |
BOTTOM OF THE 4TH |
Panama City Piranhas batting - Pitching for Wizarding Express : RHP Kenny Koehler
|
Batting: LHB Jack Sutherland
|
0-0: Ball 1-0: Ball 2-0: Ball 3-0: Called Strike 3-1: Foul Ball, location: 2F 3-2: Strikes out swinging
|
Batting: RHB Fernando Silva
|
0-0: Ball 1-0: Fly out, F9 (Flyball, 9LSF)
|
Batting: LHB António Ramos
|
0-0: Foul Ball, location: 2F 0-1: Ground out 6-3 (Groundball, 6M)
|
Bottom of the 4th over - 0 runs, 0 hits, 0 errors, 0 left on base; Wizarding 0 - Panama City 2 |
TOP OF THE 5TH |
Wizarding Express batting - Pitching for Panama City Piranhas : RHP Luis Flores
|
Batting: RHB Frank Grimes
|
0-0: Ball 1-0: Foul Ball, location: 2F 1-1: Foul Ball, location: 2F 1-2: Foul Ball, location: 2F 1-2: Foul Ball, location: 2F 1-2: Ground out 6-3 (Groundball, 6M)
|
Batting: LHB José Corona
|
0-0: Ball 1-0: Fly out, F8 (Flyball, 8LXD)
|
Batting: SHB Salvador Trevino
|
0-0: Ball 1-0: Hit by Pitch
|
Batting: RHB António Martínez
|
0-0: Ball 1-0: Ball 2-0: Called Strike 2-1: Foul Ball, location: 2F 2-2: Foul Ball, location: 2F 2-2: Strikes out swinging
|
Top of the 5th over - 0 runs, 0 hits, 0 errors, 1 left on base; Wizarding 0 - Panama City 2 |
BOTTOM OF THE 5TH |
Panama City Piranhas batting - Pitching for Wizarding Express : RHP Kenny Koehler
|
Batting: RHB Juan Jose Ayala
|
0-0: Ball 1-0: Ball 2-0: Fly out, F9 (Flyball, 9S)
|
Batting: RHB Baldomero Avino
|
0-0: Ball 1-0: Ball 2-0: Called Strike 2-1: Ball 3-1: SINGLE (Line Drive, 7S)
|
Batting: RHB Armando Alvarado
|
0-0: Called Strike 0-1: Ball 1-1: Grounds into double play, 5-4-3 (Groundball, 5L)
|
Bottom of the 5th over - 0 runs, 1 hit, 0 errors, 0 left on base; Wizarding 0 - Panama City 2 |
TOP OF THE 6TH |
Wizarding Express batting - Pitching for Panama City Piranhas : RHP Luis Flores
|
Batting: LHB Nathan Tanner
|
0-0: Ball 1-0: Ball 2-0: SINGLE (Groundball, 5D)
|
Batting: SHB Fernando Sánchez
|
0-0: Ball 1-0: Called Strike 1-1: Swinging Strike 1-2: Fly out, F9 (Line Drive, 89M)
|
Batting: LHB António Boccanegra
|
0-0: Foul Ball, location: 2F 0-1: Ball 1-1: Called Strike Nathan Tanner steals 2nd base 1-2: Foul Ball, location: 2F 1-2: Ball 2-2: Fly out, F7 (Flyball, 7S)
|
Batting: RHB Ralph Cranford
|
0-0: Called Strike 0-1: Swinging Strike 0-2: Ball 1-2: Ball 2-2: Ball 3-2: DOUBLE (Flyball, 78D) Nathan Tanner scores
|
Pitching: RHP Anderson O'Mara
|
|
Pinch Runner at 2nd Rafael Arredondo:
|
|
Batting: LHB David Breitling
|
0-0: Ball 1-0: Called Strike 1-1: Foul Ball, location: 2F 1-2: Foul Ball, location: 2F 1-2: SINGLE (Groundball, 6MS) (infield hit) Rafael Arredondo to third
|
Batting: RHB Frank Grimes
|
0-0: Called Strike 0-1: Ball 1-1: Ball 2-1: Ball 3-1: Fly out, F7 (Flyball, 7LSF)
|
Top of the 6th over - 1 run, 3 hits, 0 errors, 2 left on base; Wizarding 1 - Panama City 2 |
BOTTOM OF THE 6TH |
Panama City Piranhas batting - Pitching for Wizarding Express : RHP Kenny Koehler
|
Now in CF: Rafael Arredondo
|
|
Batting: RHB Cale Sutton
|
0-0: Called Strike 0-1: Ball 1-1: Foul Ball, location: 2F 1-2: Strikes out looking
|
Batting: RHB Andy Putman
|
0-0: Ball 1-0: Ball 2-0: Ground out 4-3 (Groundball, 4)
|
Batting: LHB Sergio Muńóz
|
0-0: Ball 1-0: Ball 2-0: Ball 3-0: Called Strike 3-1: SINGLE (Line Drive, 6M)
|
Batting: LHB Jack Sutherland
|
0-0: Ball 1-0: Fly out, F9 (Flyball, 89D)
|
Bottom of the 6th over - 0 runs, 1 hit, 0 errors, 1 left on base; Wizarding 1 - Panama City 2 |
TOP OF THE 7TH |
Wizarding Express batting - Pitching for Panama City Piranhas : RHP Anderson O'Mara
|
Batting: LHB José Corona
|
0-0: Ground out U3 (Groundball, 3)
|
Batting: SHB Salvador Trevino
|
0-0: Swinging Strike 0-1: Ball 1-1: Ball 2-1: Ground out 5-3 (Groundball, 56S)
|
Batting: RHB António Martínez
|
0-0: Called Strike 0-1: Foul Ball, location: 2F 0-2: Ball 1-2: Ball 2-2: Ball 3-2: Ground out 5-3 (Groundball, 56S)
|
Top of the 7th over - 0 runs, 0 hits, 0 errors, 0 left on base; Wizarding 1 - Panama City 2 |
BOTTOM OF THE 7TH |
Panama City Piranhas batting - Pitching for Wizarding Express : RHP Kenny Koehler
|
Batting: RHB Fernando Silva
|
0-0: Swinging Strike 0-1: Foul Ball, location: 2F 0-2: Ball 1-2: Ball 2-2: Foul Ball, location: 2F 2-2: Ball 3-2: Ground out 6-3 (Groundball, 6)
|
Batting: LHB António Ramos
|
0-0: Fly out, F9 (Flyball, 89XD)
|
Batting: RHB Juan Jose Ayala
|
0-0: Ball 1-0: Ground out 5-3 (Groundball, 56)
|
Bottom of the 7th over - 0 runs, 0 hits, 0 errors, 0 left on base; Wizarding 1 - Panama City 2 |
TOP OF THE 8TH |
Wizarding Express batting - Pitching for Panama City Piranhas : RHP Anderson O'Mara
|
Batting: LHB Nathan Tanner
|
0-0: Ball 1-0: Called Strike 1-1: Ball 2-1: Called Strike 2-2: SINGLE (Line Drive, 4MD)
|
Pitching: RHP José Alaniz
|
|
Batting: SHB Fernando Sánchez
|
0-0: SINGLE (Groundball, 4MD) Nathan Tanner to second Runner from 2nd tries for 3rd, SAFE, no throw
|
Batting: LHB António Boccanegra
|
0-0: Called Strike 0-1: Ball 1-1: Ball 2-1: Foul Ball, location: 2F 2-2: Strikes out swinging
|
Batting: RHB Rafael Arredondo
|
0-0: SINGLE (Line Drive, 78S) Nathan Tanner scores Fernando Sánchez to second
|
Batting: LHB David Breitling
|
0-0: Called Strike 0-1: Ball 1-1: Ball 2-1: Ball 3-1: Foul Ball, location: 2F 3-2: Fly out, F9 (Flyball, 9LM)
|
Batting: RHB Frank Grimes
|
0-0: Swinging Strike 0-1: SINGLE (Line Drive, 8RS) Fernando Sánchez to third Rafael Arredondo to second Runner from 3rd tries for Home, SAFE, throw made home
|
Batting: LHB José Corona
|
0-0: Called Strike 0-1: Ball 1-1: Foul Ball, location: 2F 1-2: Strikes out swinging
|
Top of the 8th over - 2 runs, 4 hits, 0 errors, 2 left on base; Wizarding 3 - Panama City 2 |
BOTTOM OF THE 8TH |
Panama City Piranhas batting - Pitching for Wizarding Express : RHP Kenny Koehler
|
Batting: RHB Baldomero Avino
|
0-0: Ball 1-0: Ball 2-0: Foul Ball, location: 2F 2-1: Ground out 5-3 (Groundball, 5S)
|
Batting: RHB Armando Alvarado
|
0-0: SINGLE (Flyball, 9S)
|
Batting: RHB Cale Sutton
|
0-0: Ball 1-0: Foul Ball, location: 2F 1-1: Ball 2-1: SINGLE (Groundball, 34D) Armando Alvarado to second Runner from 2nd tries for 3rd, SAFE, no throw
|
Pitching: RHP Juan Cantú
|
|
Batting: RHB Andy Putman
|
0-0: Called Strike 0-1: Ball 1-1: 3-RUN HOME RUN (Flyball, 8LXD), Distance : 427 ft
|
Batting: LHB Sergio Muńóz
|
0-0: Called Strike 0-1: Ball 1-1: Swinging Strike 1-2: Foul Ball, location: 2F 1-2: Foul Ball, location: 2F 1-2: Ball 2-2: Fly out, F9 (Flyball, 9S)
|
Batting: LHB Jack Sutherland
|
0-0: Ball 1-0: Swinging Strike 1-1: Foul Ball, location: 2F 1-2: Strikes out looking
|
Bottom of the 8th over - 3 runs, 3 hits, 0 errors, 0 left on base; Wizarding 3 - Panama City 5 |
TOP OF THE 9TH |
Wizarding Express batting - Pitching for Panama City Piranhas : RHP José Alaniz
|
Pitching: RHP Mark Valle
|
|
Batting: SHB Salvador Trevino
|
0-0: Called Strike 0-1: Ball 1-1: Ball 2-1: SINGLE (Line Drive, 4M)
|
Batting: RHB António Martínez
|
0-0: Called Strike 0-1: Foul Ball, location: 2F 0-2: Foul Ball, location: 2F 0-2: Foul Ball, location: 2F 0-2: Ball 1-2: Foul Ball, location: 2F 1-2: Ball 2-2: Foul Ball, location: 2F 2-2: Grounds into double play, 6-4-3 (Groundball, 6M)
|
Batting: LHB Nathan Tanner
|
0-0: Called Strike 0-1: Ball 1-1: Ball 2-1: Ball 3-1: Base on Balls
|
Batting: SHB Fernando Sánchez
|
0-0: Ball 1-0: Foul Ball, location: 2F 1-1: Ball 2-1: SINGLE (Groundball, 4D) Nathan Tanner to second
|
Batting: LHB António Boccanegra
|
0-0: Ball 1-0: SINGLE (Line Drive, 6MD) Nathan Tanner to third Fernando Sánchez to second
|
Batting: RHB Rafael Arredondo
|
0-0: Swinging Strike 0-1: Ball 1-1: Ball 2-1: Fielders Choice at 2nd, 6-4 (Groundball, 6)
|
Top of the 9th over - 0 runs, 3 hits, 0 errors, 3 left on base; Wizarding 3 - Panama City 5 |
|